 Dungeon Crawl Stone Soup version 0.19.1-1-g22dce08 (webtiles) character file.

84 theAP the Skirmisher (level 4, -4/30 HPs)
             Began as a Gargoyle Fighter on Jan 3, 2017.
             Slain by an ogre
             ... wielding a +0 giant club
              (13 damage)
             ... on level 4 of the Dungeon.
             The game lasted 00:02:46 (1210 turns).

theAP the Skirmisher (Gargoyle Fighter)             Turns: 1210, Time: 00:02:47

Health: -4/30      AC: 14    Str: 20    XL:     4   Next: 46%
Magic:  4/4        EV:  5    Int:  9    God:
Gold:   78         SH:  9    Dex:  9    Spells: 0 memorised, 3 levels left

rFire  . . .     SeeInvis .     a - +0 flail
rCold  . . .     Gourm    .     j - +0 chain mail
rNeg   + . .     Faith    .     c - +0 shield
rPois  ∞         Spirit   .     (no helmet)
rElec  +         Reflect  .     (no cloak)
rCorr  .         Harm     .     (no gloves)
MR     .....                    p - +0 pair of boots
Stlth  ..........               (no amulet)
                                (no ring)
                                (no ring)

@: no status effects
A: negative energy resistance 1, electricity resistance, unbreathing,
petrification resistance, rot immunity, AC +3
a: no special abilities


You were on level 4 of the Dungeon.
You were hungry.

You visited 1 branch of the dungeon, and saw 3 of its levels.

You collected 78 gold pieces.

Inventory:

Hand Weapons
 a - a +0 flail (weapon)
Armour
 b - a +0 scale mail
 c - a +0 shield (worn)
 j - a +0 chain mail (worn)
 p - a +0 pair of boots (worn)
Jewellery
 h - an uncursed ring of stealth {unknown}
Scrolls
 e - 2 scrolls of remove curse
 k - 3 scrolls of amnesia {unknown}
 l - 2 scrolls of teleportation {unknown}
 m - a scroll of fear {unknown}
 o - a scroll of enchant armour {unknown}
 q - a scroll of fog {unknown}
Potions
 d - 4 potions of might
 i - 2 potions of curing {unknown}
 n - a potion of cancellation {unknown}
Comestibles
 f - 5 bread rations
 g - 2 fruits


   Skills:
 + Level 4.5 Fighting
 + Level 3.1 Maces & Flails
 - Level 3.5 Armour
 - Level 3.4 Shields


You had 3 spell levels left.
You didn't know any spells.

Dungeon Overview and Level Annotations

Branches:
Dungeon (2/15)

Altars:


Innate Abilities, Weirdness & Mutations

You are resistant to torment.
Your stone body is resilient. (AC +3)
You are immune to poison.
You resist negative energy. (rN+)
You are resistant to electric shocks. (rElec)
You can survive without breathing.
You are immune to petrification.
You are immune to rotting.


Message History

The ogre shouts!
The ogre moves out of view.
You open the door.
Found a fizzy purple potion.
There is an open door here.
You closely miss the ogre. The ogre hits you but does no damage.
You hit the ogre.
The ogre is lightly wounded.
The ogre hits you with a giant club.
You hit the ogre.
The ogre is moderately wounded.
The ogre hits you with a giant club.
You hit the ogre but do no damage.
The ogre is moderately wounded.
The ogre hits you with a giant club.
* * * LOW HITPOINT WARNING * * *
You sock the ogre!
The ogre is severely wounded.
The ogre hits you with a giant club!
You die...

..................#
.................# .
#.##....##.......# ..
#.##....##.......# ...
#......>######'### ....
#.......#........# .....
+.......#........#
......#O#######........#
#...!@...............#
#....................#
#..................(.#
#....................#
#............#########
#............#
#............#
#............#


You could see an ogre.

Vanquished Creatures
  An iguana (D:4)
  2 adders
  A worm (D:2)
  A giant cockroach (D:1)
  5 goblins
  9 hobgoblins
  4 jackals
  A quokka (D:2)
  5 bats
  4 frilled lizards
  4 rats
37 creatures vanquished.

Notes
Turn   | Place    | Note
-------+----------+-------------------------------------------
     0 | D:1      | theAP the Gargoyle Fighter began the quest for the Orb.
     0 | D:1      | Reached XP level 1. HP: 14/14 MP: 1/1
   150 | D:1      | Reached XP level 2. HP: 17/19 MP: 2/2
   611 | D:2      | Reached XP level 3. HP: 14/23 MP: 3/3
   673 | D:2      | Reached skill level 4 in Fighting
  1045 | D:2      | You fall through a shaft for 2 floors!
  1069 | D:4      | Reached XP level 4. HP: 6/30 MP: 4/4
  1196 | D:4      | Noticed an ogre
  1210 | D:4      | Slain by an ogre

Skill      XL: |  1  2  3 |
---------------+----------+-----
Fighting       | 4 |  4.5
Maces & Flails | 3 |  3.1
Armour         | |  3.5
Shields        | |  3.4

Action                   |  1- 3 |  4- 6 || total
-------------------------+-------+-------++-------
Melee: Flail             |   159 |    16 ||   175
  Use: Scroll            |     2 |       ||     2
  Eat: Fruit             |       |     1 ||     1
Armor: Scale mail        |     7 |       ||     7
       Chain mail        |   130 |     9 ||   139
Dodge: Dodged            |    46 |       ||    46
Block: Shield            |   101 |     7 ||   108
